| TOP OF THE 1ST |
|
New Jersey Devils batting - Pitching for Detroit Red Wings : RHP Adan Van Slyke
|
|
Pitching: RHP Adan Van Slyke
|
|
|
Batting: LHB Randolph Brodbeck
|
0-0: Foul Ball, location: 2F 0-1: Ball 1-1: Fly out, F9 (Line Drive, 9LM, EV 90.6 MPH)
|
|
Batting: RHB Sergio Andrada
|
0-0: Swinging Strike 0-1: Swinging Strike 0-2: Foul Ball, location: 2F 0-2: Foul Ball, location: 2F 0-2: Foul Ball, location: 2F 0-2: Ball 1-2: Ball 2-2: Strikes out looking
|
|
Batting: RHB Eric Zylstra
|
0-0: Swinging Strike 0-1: Ball 1-1: Ball 2-1: Ball 3-1: Base on Balls
|
|
Batting: RHB Jacob Olander
|
0-0: Ball 1-0: Foul Ball, location: 2F 1-1: Called Strike Eric Zylstra is caught stealing 2nd base 2-4
|
| Top of the 1st over - 0 runs, 0 hits, 0 errors, 0 left on base; New Jersey 0 - Detroit 0 |
| BOTTOM OF THE 1ST |
|
Detroit Red Wings batting - Pitching for New Jersey Devils : RHP Aaron Marcum
|
|
Pitching: RHP Aaron Marcum
|
|
|
Batting: RHB António Scarlett
|
0-0: Ball 1-0: Ball 2-0: Foul Ball, location: 2F 2-1: SINGLE (Line Drive, 9S, EV 105.0 MPH)
|
|
Batting: LHB Duda Pinho
|
0-0: Called Strike 0-1: Ball 1-1: Swinging Strike 1-2: Fielders Choice at 2nd, 1-4 (Groundball, 15S, EV 68.8 MPH)
|
|
Batting: RHB Jorge Lebron
|
0-0: Ball Duda Pinho is caught stealing 2nd base 2-4 1-0: Ball 2-0: Called Strike 2-1: Ball 3-1: Called Strike 3-2: Reached on error, E6 (Groundball, 6, EV 83.8 MPH)
|
|
Batting: LHB Ryan Adams
|
0-0: Called Strike 0-1: Fielders Choice at 2nd, 6-4 (Groundball, 6, EV 90.6 MPH)
|
| Bottom of the 1st over - 0 runs, 1 hit, 1 error, 1 left on base; New Jersey 0 - Detroit 0 |
| TOP OF THE 2ND |
|
New Jersey Devils batting - Pitching for Detroit Red Wings : RHP Adan Van Slyke
|
|
Batting: RHB Jacob Olander
|
0-0: Swinging Strike 0-1: Ball 1-1: Fly out, F8 (Line Drive, 8RD, EV 90.0 MPH)
|
|
Batting: RHB Kyle Verkamp
|
0-0: Ball 1-0: Foul Ball, location: 2F 1-1: Foul Ball, location: 2F 1-2: Ball 2-2: Ball 3-2: Base on Balls
|
|
Batting: RHB Juan Medina
|
0-0: Grounds into double play, 5-4-3 (Groundball, 56, EV 83.8 MPH)
|
| Top of the 2nd over - 0 runs, 0 hits, 0 errors, 0 left on base; New Jersey 0 - Detroit 0 |
| BOTTOM OF THE 2ND |
|
Detroit Red Wings batting - Pitching for New Jersey Devils : RHP Aaron Marcum
|
|
Batting: RHB Alex Duarte
|
0-0: Called Strike 0-1: Ball 1-1: Ground out 4-3 (Groundball, 34D, EV 96.9 MPH)
|
|
Batting: RHB Dustin Bursell
|
0-0: Ball 1-0: Foul Ball, location: 2F 1-1: Ball 2-1: Ball 3-1: Base on Balls
|
|
Batting: LHB Jose Peralez
|
0-0: Foul Ball, location: 2F 0-1: Ball 1-1: Foul Ball, location: 2F 1-2: Strikes out swinging
|
|
Batting: LHB Simon Barry
|
0-0: Called Strike 0-1: Swinging Strike 0-2: Ball 1-2: Ground out 4-3 (Groundball, 4M, EV 88.8 MPH)
|
| Bottom of the 2nd over - 0 runs, 0 hits, 0 errors, 1 left on base; New Jersey 0 - Detroit 0 |
| TOP OF THE 3RD |
|
New Jersey Devils batting - Pitching for Detroit Red Wings : RHP Adan Van Slyke
|
|
Batting: RHB Oscar Ramirez
|
0-0: Swinging Strike 0-1: Called Strike 0-2: Ball 1-2: Ball 2-2: Strikes out swinging
|
|
Batting: LHB Matt Reynolds
|
0-0: Called Strike 0-1: Ball 1-1: Foul Ball, location: 2F 1-2: Ball 2-2: Foul Ball, location: 2F 2-2: Ball 3-2: Strikes out swinging
|
|
Batting: RHB Brian Jones
|
0-0: SINGLE (Groundball, 6D, EV 97.5 MPH)
|
|
Batting: LHB Randolph Brodbeck
|
0-0: Ball 1-0: Fly out, F8 (Line Drive, 89M, EV 105.0 MPH)
|
| Top of the 3rd over - 0 runs, 1 hit, 0 errors, 1 left on base; New Jersey 0 - Detroit 0 |
| BOTTOM OF THE 3RD |
|
Detroit Red Wings batting - Pitching for New Jersey Devils : RHP Aaron Marcum
|
|
Batting: SHB Roderick Speed
|
0-0: Foul Ball, location: 2F 0-1: Ball 1-1: Ground out U3 (Groundball, 3, EV 110.6 MPH)
|
|
Batting: RHB António Scarlett
|
0-0: Ball 1-0: Called Strike 1-1: Swinging Strike 1-2: Ball 2-2: Foul Ball, location: 2F 2-2: Strikes out swinging
|
|
Batting: LHB Duda Pinho
|
0-0: Ball 1-0: Fly out, F7 (Flyball, 7, EV 89.4 MPH)
|
| Bottom of the 3rd over - 0 runs, 0 hits, 0 errors, 0 left on base; New Jersey 0 - Detroit 0 |
| TOP OF THE 4TH |
|
New Jersey Devils batting - Pitching for Detroit Red Wings : RHP Adan Van Slyke
|
|
Batting: RHB Sergio Andrada
|
0-0: Ball 1-0: Called Strike 1-1: Ball 2-1: Swinging Strike 2-2: Strikes out swinging
|
|
Batting: RHB Eric Zylstra
|
0-0: Ball 1-0: Ball 2-0: Called Strike 2-1: Called Strike 2-2: Ball 3-2: Base on Balls
|
|
Batting: RHB Jacob Olander
|
0-0: Called Strike 0-1: Ball Eric Zylstra is caught stealing 2nd base 2-4 1-1: Foul Ball, location: 2F 1-2: Ball 2-2: Foul Ball, location: 2F 2-2: SINGLE (Line Drive, 5D, EV 101.9 MPH)
|
|
Batting: RHB Kyle Verkamp
|
0-0: Swinging Strike 0-1: Ball 1-1: Swinging Strike 1-2: Ball 2-2: Ball 3-2: Base on Balls Jacob Olander to second
|
|
Batting: RHB Juan Medina
|
0-0: Foul Ball, location: 2F 0-1: Swinging Strike 0-2: Strikes out swinging
|
| Top of the 4th over - 0 runs, 1 hit, 0 errors, 2 left on base; New Jersey 0 - Detroit 0 |
| BOTTOM OF THE 4TH |
|
Detroit Red Wings batting - Pitching for New Jersey Devils : RHP Aaron Marcum
|
|
Batting: RHB Jorge Lebron
|
0-0: Fly out, F9 (Flyball, 9D, EV 110.0 MPH)
|
|
Batting: LHB Ryan Adams
|
0-0: Called Strike 0-1: Ball 1-1: Ball 2-1: Ball 3-1: Foul Ball, location: 2F 3-2: Base on Balls
|
|
Batting: RHB Alex Duarte
|
0-0: Ball 1-0: Ball 2-0: Ball 3-0: Foul Ball, location: 2F 3-1: Foul Ball, location: 2F 3-2: Base on Balls Ryan Adams to second
|
|
Batting: RHB Dustin Bursell
|
0-0: Fly out, F4 (Popup, 34S, EV 76.2 MPH)
|
|
Batting: LHB Jose Peralez
|
0-0: Called Strike 0-1: Ball 1-1: Foul Ball, location: 2F 1-2: Foul Ball, location: 2F 1-2: Ball 2-2: Ground out U3 (Groundball, 3, EV 105.0 MPH)
|
| Bottom of the 4th over - 0 runs, 0 hits, 0 errors, 2 left on base; New Jersey 0 - Detroit 0 |
| TOP OF THE 5TH |
|
New Jersey Devils batting - Pitching for Detroit Red Wings : RHP Adan Van Slyke
|
|
Batting: RHB Oscar Ramirez
|
0-0: Fly out, F8 (Flyball, 78D, EV 101.9 MPH)
|
|
Batting: LHB Matt Reynolds
|
0-0: Ball 1-0: Fly out, F8 (Line Drive, 8RD, EV 97.5 MPH)
|
|
Batting: RHB Brian Jones
|
0-0: Ball 1-0: Called Strike 1-1: Fly out, F4 (Line Drive, 4, EV 75.6 MPH)
|
| Top of the 5th over - 0 runs, 0 hits, 0 errors, 0 left on base; New Jersey 0 - Detroit 0 |
| BOTTOM OF THE 5TH |
|
Detroit Red Wings batting - Pitching for New Jersey Devils : RHP Aaron Marcum
|
|
Batting: LHB Simon Barry
|
0-0: Ball 1-0: Called Strike 1-1: Ground out 6-3 (Groundball, 6, EV 103.1 MPH)
|
|
Batting: SHB Roderick Speed
|
0-0: Ball 1-0: Ball 2-0: Fly out, F9 (Line Drive, 9S, EV 97.5 MPH)
|
|
Batting: RHB António Scarlett
|
0-0: Swinging Strike 0-1: Ball 1-1: Ball 2-1: Ball 3-1: Base on Balls
|
|
Batting: LHB Duda Pinho
|
0-0: Ground out 4-3 (Groundball, 34S, EV 89.4 MPH)
|
| Bottom of the 5th over - 0 runs, 0 hits, 0 errors, 1 left on base; New Jersey 0 - Detroit 0 |
| TOP OF THE 6TH |
|
New Jersey Devils batting - Pitching for Detroit Red Wings : RHP Adan Van Slyke
|
|
Batting: LHB Randolph Brodbeck
|
0-0: Ball 1-0: Swinging Strike 1-1: Ball 2-1: Ball 3-1: Foul Ball, location: 2F 3-2: Base on Balls
|
|
Batting: RHB Sergio Andrada
|
0-0: Ball 1-0: Ball Randolph Brodbeck is caught stealing 2nd base 2-4 2-0: Called Strike 2-1: Foul Ball, location: 2F 2-2: Strikes out swinging, 2-3 out at first.
|
|
Batting: RHB Eric Zylstra
|
0-0: Ball 1-0: Ball 2-0: Foul Ball, location: 2F 2-1: Foul Ball, location: 2F 2-2: Ground out 4-3 (Groundball, 4, EV 87.5 MPH)
|
| Top of the 6th over - 0 runs, 0 hits, 0 errors, 0 left on base; New Jersey 0 - Detroit 0 |
| BOTTOM OF THE 6TH |
|
Detroit Red Wings batting - Pitching for New Jersey Devils : RHP Aaron Marcum
|
|
Batting: RHB Jorge Lebron
|
0-0: Foul Ball, location: 2F 0-1: Called Strike 0-2: Ball 1-2: Ball 2-2: Strikes out looking
|
|
Batting: LHB Ryan Adams
|
0-0: Called Strike 0-1: Ball 1-1: Called Strike 1-2: Ball 2-2: Strikes out swinging
|
|
Batting: RHB Alex Duarte
|
0-0: Ball 1-0: Foul Ball, location: 2F 1-1: Foul Ball, location: 2F 1-2: Strikes out swinging
|
| Bottom of the 6th over - 0 runs, 0 hits, 0 errors, 0 left on base; New Jersey 0 - Detroit 0 |
| TOP OF THE 7TH |
|
New Jersey Devils batting - Pitching for Detroit Red Wings : RHP Adan Van Slyke
|
|
Batting: RHB Jacob Olander
|
0-0: Ball 1-0: Called Strike 1-1: Ball 2-1: Foul Ball, location: 2F 2-2: SOLO HOME RUN (Line Drive, 78XD, EV 115.6 MPH), Distance : 447 ft
|
|
Batting: RHB Kyle Verkamp
|
0-0: Ball 1-0: Ball 2-0: Ball 3-0: Base on Balls
|
|
Batting: RHB Juan Medina
|
0-0: Foul Ball, location: 2F 0-1: Fly out, F8 (Flyball, 8LXD, EV 98.8 MPH)
|
|
Batting: RHB Oscar Ramirez
|
0-0: Fly out, F8 (Line Drive, 8LD, EV 103.1 MPH)
|
|
Batting: LHB Matt Reynolds
|
0-0: Ball 1-0: SINGLE (Groundball, 6MD, EV 95.0 MPH) Kyle Verkamp to second
|
|
Pitching: RHP Nick Brooks
|
|
|
Pinch Runner at 2nd Ernesto Mazas:
|
|
|
Batting: RHB Brian Jones
|
0-0: Called Strike 0-1: Called Strike 0-2: Strikes out swinging
|
| Top of the 7th over - 1 run, 2 hits, 0 errors, 2 left on base; New Jersey 1 - Detroit 0 |
| BOTTOM OF THE 7TH |
|
Detroit Red Wings batting - Pitching for New Jersey Devils : RHP Aaron Marcum
|
|
Now in RF: Isaiah Heath
|
|
|
Batting: RHB Dustin Bursell
|
0-0: Ball 1-0: Ball 2-0: Foul Ball, location: 2F 2-1: SOLO HOME RUN (Line Drive, 7D, EV 102.5 MPH), Distance : 397 ft
|
|
Batting: LHB Jose Peralez
|
0-0: Foul Ball, location: 2F 0-1: Fly out, F8 (Flyball, 8LXD, EV 91.2 MPH)
|
|
Batting: LHB Simon Barry
|
0-0: Ball 1-0: SINGLE (Flyball, 56D, EV 95.0 MPH)
|
|
Batting: SHB Roderick Speed
|
0-0: Foul Ball, location: 2F 0-1: Called Strike 0-2: Fly out, F7 (Line Drive, 7LS, EV 96.2 MPH)
|
|
Batting: RHB António Scarlett
|
Pickoff Throw to First - Out! 1-3
|
| Bottom of the 7th over - 1 run, 2 hits, 0 errors, 0 left on base; New Jersey 1 - Detroit 1 |
| TOP OF THE 8TH |
|
New Jersey Devils batting - Pitching for Detroit Red Wings : RHP Nick Brooks
|
|
Batting: LHB Randolph Brodbeck
|
0-0: Fly out, F7 (Flyball, 7LM, EV 98.1 MPH)
|
|
Pinch Hitting: RHB Warren Carmichael
|
0-0: Ball 1-0: Ball 2-0: Ball 3-0: Foul Ball, location: 2F 3-1: Swinging Strike 3-2: Strikes out swinging
|
|
Batting: RHB Eric Zylstra
|
0-0: Ball 1-0: Ball 2-0: Foul Ball, location: 2F 2-1: Ball 3-1: Called Strike 3-2: Fly out, F7 (Flyball, 7D, EV 90.0 MPH)
|
| Top of the 8th over - 0 runs, 0 hits, 0 errors, 0 left on base; New Jersey 1 - Detroit 1 |
| BOTTOM OF THE 8TH |
|
Detroit Red Wings batting - Pitching for New Jersey Devils : RHP Aaron Marcum
|
|
Now in LF: Joel Sandoval
|
|
|
Batting: RHB António Scarlett
|
0-0: SINGLE (Line Drive, 56, EV 99.4 MPH)
|
|
Batting: LHB Duda Pinho
|
0-0: Ball 1-0: Called Strike 1-1: Ball 2-1: Ball 3-1: Called Strike 3-2: Ground out 4-3 (Groundball, 34, EV 102.5 MPH) António Scarlett to second
|
|
Pitching: RHP Mike Whitaker
|
|
|
Batting: RHB Jorge Lebron
|
0-0: Ball 1-0: Foul Ball, location: 2F 1-1: Ball 2-1: SINGLE (Groundball, 56D, EV 102.5 MPH) António Scarlett to third Runner from 3rd tries for Home, SAFE, throw by LF to home
|
|
Pitching: LHP Jesus Espitia
|
|
|
Batting: LHB Ryan Adams
|
0-0: Foul Ball, location: 2F 0-1: Swinging Strike 0-2: Strikes out swinging
|
|
Pitching: RHP Kyle Moser
|
|
|
Batting: RHB Alex Duarte
|
0-0: Ball 1-0: Ball 2-0: Fielders Choice at 2nd, 6-4 (Groundball, 6, EV 103.1 MPH)
|
| Bottom of the 8th over - 1 run, 2 hits, 0 errors, 1 left on base; New Jersey 1 - Detroit 2 |
| TOP OF THE 9TH |
|
New Jersey Devils batting - Pitching for Detroit Red Wings : RHP Nick Brooks
|
|
Now in LF: John Barton
|
|
|
Now in RF: Duda Pinho
|
|
|
Batting: RHB Jacob Olander
|
0-0: Ball 1-0: Ball 2-0: Called Strike 2-1: Foul Ball, location: 2F 2-2: Strikes out looking
|
|
Pinch Hitting: RHB John Carpenter
|
0-0: Ball 1-0: Fly out, F8 (Line Drive, 78M, EV 94.4 MPH)
|
|
Batting: RHB Juan Medina
|
0-0: Fly out, F8 (Flyball, 8RS, EV 85.0 MPH)
|
| Top of the 9th over - 0 runs, 0 hits, 0 errors, 0 left on base; New Jersey 1 - Detroit 2 |
|